SL
WIZARDING EXPRESS @ NEW AMSTERDAM DUTCHMEN
08/03/2032
 
TOP OF THE 1ST
Wizarding Express batting - Pitching for New Amsterdam Dutchmen : LHP José Flores
Pitching: LHP José Flores
Batting: RHB Frank Grimes 0-0: Called Strike
0-1: SINGLE (Line Drive, 7S)
Batting: LHB José Corona 0-0: Ball
1-0: Foul Ball, location: 2F
1-1: Grounds into double play, 4-6-3 (Groundball, 4)
Batting: RHB Ralph Cranford 0-0: Ball
1-0: Fly out, F8 (Flyball, 8LM)
Top of the 1st over - 0 runs, 1 hit, 0 errors, 0 left on base; Wizarding 0 - New Amsterdam 0
BOTTOM OF THE 1ST
New Amsterdam Dutchmen batting - Pitching for Wizarding Express : LHP Jorge Cedeño
Pitching: LHP Jorge Cedeño
Batting: LHB Takayuki Yoshikawa 0-0: Ball
1-0: Ball
2-0: Bunt for hit - play at first, batter safe!
Batting: RHB Chi-ju Zhang 0-0: Ball
1-0: Ball
2-0: Called Strike
2-1: Fly out, F4 (Popup, 4M)
Batting: RHB António Martínez 0-0: Ball
Takayuki Yoshikawa steals 2nd base
1-0: SINGLE (Groundball, 6) (infield hit)
Takayuki Yoshikawa to third
Batting: LHB SaQwan Hackett 0-0: Ball
1-0: Called Strike
1-1: Ball
2-1: Swinging Strike
2-2: Strikes out swinging
Batting: LHB Sal Bradshaw 0-0: Ball
1-0: Ball
2-0: Ball
3-0: Called Strike
3-1: Base on Balls
António Martínez to second
Batting: LHB Carlos Campos 0-0: Ball
1-0: Ball
2-0: Foul Ball, location: 2F
2-1: Swinging Strike
2-2: Strikes out swinging
Bottom of the 1st over - 0 runs, 2 hits, 0 errors, 3 left on base; Wizarding 0 - New Amsterdam 0
TOP OF THE 2ND
Wizarding Express batting - Pitching for New Amsterdam Dutchmen : LHP José Flores
Batting: RHB Paul Penrice 0-0: Swinging Strike
0-1: Foul Ball, location: 2F
0-2: Strikes out swinging
Batting: LHB Nathan Tanner 0-0: Ball
1-0: Called Strike
1-1: Called Strike
1-2: Strikes out looking
Batting: RHB Gustavo Mateo 0-0: Ball
1-0: Called Strike
1-1: Ball
2-1: Ground out 5-3 (Groundball, 56)
Top of the 2nd over - 0 runs, 0 hits, 0 errors, 0 left on base; Wizarding 0 - New Amsterdam 0
BOTTOM OF THE 2ND
New Amsterdam Dutchmen batting - Pitching for Wizarding Express : LHP Jorge Cedeño
Batting: RHB Roberto Hernández 0-0: Fly out, F8 (Flyball, 8LM)
Batting: RHB David Elías 0-0: Ball
1-0: Swinging Strike
1-1: Foul Ball, location: 2F
1-2: Strikes out swinging
Batting: RHB Heherson Inaris 0-0: Ball
1-0: Ball
2-0: SINGLE (Line Drive, 7LM)
Batting: LHB Takayuki Yoshikawa 0-0: Ball
1-0: Ground out U3 (Groundball, 34S)
Bottom of the 2nd over - 0 runs, 1 hit, 0 errors, 1 left on base; Wizarding 0 - New Amsterdam 0
TOP OF THE 3RD
Wizarding Express batting - Pitching for New Amsterdam Dutchmen : LHP José Flores
Batting: SHB Salvador Trevino 0-0: Ball
1-0: Ball
2-0: Called Strike
2-1: Ball
3-1: Swinging Strike
3-2: Base on Balls
Batting: LHB Cris Gonzáles 0-0: Swinging Strike
0-1: Swinging Strike
0-2: Foul Ball, location: 2F
0-2: Ball
1-2: Ball
2-2: Strikes out swinging
Batting: LHB António Boccanegra 0-0: Called Strike
0-1: Foul Ball, location: 2F
0-2: Grounds into double play, 5-4-3 (Groundball, 56)
Top of the 3rd over - 0 runs, 0 hits, 0 errors, 0 left on base; Wizarding 0 - New Amsterdam 0
BOTTOM OF THE 3RD
New Amsterdam Dutchmen batting - Pitching for Wizarding Express : LHP Jorge Cedeño
Batting: RHB Chi-ju Zhang 0-0: Called Strike
0-1: Ball
1-1: Ball
2-1: Foul Ball, location: 2F
2-2: SINGLE (Line Drive, 78S)
Batting: RHB António Martínez 0-0: Swinging Strike
0-1: Ball
1-1: Ball
2-1: Called Strike
2-2: Foul Ball, location: 2F
2-2: Foul Ball, location: 2F
2-2: Ball
3-2: Base on Balls
Chi-ju Zhang to second
Batting: LHB SaQwan Hackett 0-0: SINGLE (Groundball, 34D)
Chi-ju Zhang to third
António Martínez to second
Batting: LHB Sal Bradshaw 0-0: Fielders Choice at 2nd, 3-6 (Groundball, 3)
Chi-ju Zhang scores
António Martínez to third
Batting: LHB Carlos Campos 0-0: Fly out, F9 (Flyball, 9LM)
Runner from 3rd tags up, SCORES, throw made
Batting: RHB Roberto Hernández 0-0: Called Strike
0-1: Fly out, F9 (Flyball, 89S)
Bottom of the 3rd over - 2 runs, 2 hits, 0 errors, 1 left on base; Wizarding 0 - New Amsterdam 2
TOP OF THE 4TH
Wizarding Express batting - Pitching for New Amsterdam Dutchmen : LHP José Flores
Batting: RHB Frank Grimes 0-0: Ball
1-0: Foul Ball, location: 2F
1-1: Foul Ball, location: 2F
1-2: Strikes out swinging
Batting: LHB José Corona 0-0: Ball
1-0: SINGLE (Groundball, 15S) (infield hit)
Batting: RHB Ralph Cranford 0-0: Foul Ball, location: 2F
0-1: Foul Ball, location: 2F
0-2: Strikes out swinging
Batting: RHB Paul Penrice 0-0: Ground out 5-3 (Groundball, 56S)
Top of the 4th over - 0 runs, 1 hit, 0 errors, 1 left on base; Wizarding 0 - New Amsterdam 2
BOTTOM OF THE 4TH
New Amsterdam Dutchmen batting - Pitching for Wizarding Express : LHP Jorge Cedeño
Batting: RHB David Elías 0-0: Ball
1-0: Swinging Strike
1-1: Foul Ball, location: 2F
1-2: Fly out, F9 (Flyball, 89D)
Batting: RHB Heherson Inaris 0-0: Fly out, F5 (Line Drive, 5S)
Batting: LHB Takayuki Yoshikawa 0-0: Ball
1-0: Ground out U3 (Groundball, 3)
Bottom of the 4th over - 0 runs, 0 hits, 0 errors, 0 left on base; Wizarding 0 - New Amsterdam 2
TOP OF THE 5TH
Wizarding Express batting - Pitching for New Amsterdam Dutchmen : LHP José Flores
Batting: LHB Nathan Tanner 0-0: Ball
1-0: Ball
2-0: Ball
3-0: Base on Balls
Batting: RHB Gustavo Mateo 0-0: Ball
1-0: Bunted foul
1-1: Bunted foul
1-2: Fly out, F8 (Flyball, 8RM)
Batting: SHB Salvador Trevino 0-0: Swinging Strike
0-1: Ball
1-1: Foul Ball, location: 2F
1-2: Strikes out looking
Batting: LHB Cris Gonzáles 0-0: Called Strike
0-1: Swinging Strike
0-2: Strikes out swinging
Top of the 5th over - 0 runs, 0 hits, 0 errors, 1 left on base; Wizarding 0 - New Amsterdam 2
BOTTOM OF THE 5TH
New Amsterdam Dutchmen batting - Pitching for Wizarding Express : LHP Jorge Cedeño
Batting: RHB Chi-ju Zhang 0-0: Ball
1-0: Called Strike
1-1: Called Strike
1-2: Ball
2-2: Fly out, F9 (Flyball, 9D)
Batting: RHB António Martínez 0-0: Ball
1-0: Ball
2-0: Ground out 5-3 (Groundball, 5)
Batting: LHB SaQwan Hackett 0-0: Ground out 3-1 (Groundball, 3D)
Bottom of the 5th over - 0 runs, 0 hits, 0 errors, 0 left on base; Wizarding 0 - New Amsterdam 2
TOP OF THE 6TH
Wizarding Express batting - Pitching for New Amsterdam Dutchmen : LHP José Flores
Batting: LHB António Boccanegra 0-0: Ball
1-0: Fly out, F5 (Popup, 5SF)
Batting: RHB Frank Grimes 0-0: Called Strike
0-1: Foul Ball, location: 2F
0-2: SINGLE (Groundball, 25) (infield hit)
Batting: LHB José Corona 0-0: Ball
1-0: Called Strike
1-1: Ball
2-1: SINGLE (Line Drive, 6)
Frank Grimes to second
Batting: RHB Ralph Cranford 0-0: Called Strike
0-1: Ball
1-1: Foul Ball, location: 2F
1-2: Foul Ball, location: 2F
1-2: Ball
2-2: SINGLE (Groundball, 6MD)
Frank Grimes to third
José Corona to second
Runner from 3rd tries for Home, SAFE, no throw
Batting: RHB Paul Penrice 0-0: Ball
1-0: Ball
2-0: Foul Ball, location: 2F
2-1: Foul Ball, location: 2F
2-2: Ball
3-2: Fly out, F7 (Flyball, 78M)
Batting: LHB Nathan Tanner 0-0: Called Strike
0-1: Ball
1-1: Foul Ball, location: 2F
1-2: Strikes out swinging
Top of the 6th over - 1 run, 3 hits, 0 errors, 2 left on base; Wizarding 1 - New Amsterdam 2
BOTTOM OF THE 6TH
New Amsterdam Dutchmen batting - Pitching for Wizarding Express : LHP Jorge Cedeño
Batting: LHB Sal Bradshaw 0-0: Ball
1-0: Foul Ball, location: 2F
1-1: Ball
2-1: Called Strike
2-2: Strikes out swinging
Batting: LHB Carlos Campos 0-0: Called Strike
0-1: Called Strike
0-2: SINGLE (Groundball, 3D)
Batting: RHB Roberto Hernández 0-0: Ball
1-0: Called Strike
1-1: Foul Ball, location: 2F
1-2: Strikes out swinging
Batting: RHB David Elías 0-0: DOUBLE (Line Drive, 7LM)
Carlos Campos to third
Runner from 3rd tries for Home, SAFE, no throw
Batting: RHB Heherson Inaris 0-0: Ball
1-0: Foul Ball, location: 2F
1-1: Ball
2-1: Ball
Wild Pitch!
David Elías to third
3-1: Foul Ball, location: 2F
3-2: Foul Ball, location: 2F
3-2: Foul Ball, location: 2F
3-2: Base on Balls
Batting: LHB Takayuki Yoshikawa 0-0: Fly out, F7 (Flyball, 78M)
Bottom of the 6th over - 1 run, 2 hits, 0 errors, 2 left on base; Wizarding 1 - New Amsterdam 3
TOP OF THE 7TH
Wizarding Express batting - Pitching for New Amsterdam Dutchmen : LHP José Flores
Batting: RHB Gustavo Mateo 0-0: Ball
1-0: Swinging Strike
1-1: Ball
2-1: Called Strike
2-2: Strikes out swinging
Batting: SHB Salvador Trevino 0-0: Ball
1-0: Ball
2-0: Ball
3-0: Base on Balls
Batting: LHB Cris Gonzáles 0-0: Ball
1-0: Called Strike
1-1: Hit by Pitch
Salvador Trevino to second
Batting: LHB António Boccanegra 0-0: SINGLE (Groundball, 6MD)
Salvador Trevino to third
Cris Gonzáles to second
Runner from 3rd tries for Home, SAFE, no throw
Batting: RHB Frank Grimes 0-0: Ball
1-0: Ground out U3 (Groundball, 34)
Cris Gonzáles to third
António Boccanegra to second
Batting: LHB José Corona 0-0: Ball
1-0: Ball
2-0: Called Strike
2-1: SINGLE (Groundball, 6MD)
Cris Gonzáles scores
António Boccanegra to third
Runner from 3rd tries for Home, SAFE, throw made home
Batting: RHB Ralph Cranford 0-0: Ball
1-0: Ball
2-0: Ball
3-0: Base on Balls
José Corona to second
Batting: RHB Paul Penrice 0-0: Called Strike
0-1: Fly out, F5 (Line Drive, 5)
Top of the 7th over - 3 runs, 2 hits, 0 errors, 2 left on base; Wizarding 4 - New Amsterdam 3
BOTTOM OF THE 7TH
New Amsterdam Dutchmen batting - Pitching for Wizarding Express : LHP Jorge Cedeño
Batting: RHB Chi-ju Zhang 0-0: Ball
1-0: Called Strike
1-1: Foul Ball, location: 2F
1-2: Foul Ball, location: 2F
1-2: Ball
2-2: Fly out, F8 (Flyball, 8RM)
Batting: RHB António Martínez 0-0: Swinging Strike
0-1: Ball
1-1: Ball
2-1: Ball
3-1: Foul Ball, location: 2F
3-2: Base on Balls
Batting: LHB SaQwan Hackett 0-0: Called Strike
0-1: Ball
1-1: Ball
2-1: Ground out 3-1 (Groundball, 34S)
António Martínez to second
Pinch Hitting: RHB David Pérez 0-0: Called Strike
0-1: Ground out 6-3 (Groundball, 6)
Bottom of the 7th over - 0 runs, 0 hits, 0 errors, 1 left on base; Wizarding 4 - New Amsterdam 3
TOP OF THE 8TH
Wizarding Express batting - Pitching for New Amsterdam Dutchmen : LHP José Flores
Now at 2B: David Pérez
Batting: LHB Nathan Tanner 0-0: Called Strike
0-1: Ball
1-1: Ball
2-1: Fly out, F8 (Flyball, 8RS)
Batting: RHB Gustavo Mateo 0-0: Called Strike
0-1: Ball
1-1: Ground out 6-3 (Groundball, 6)
Batting: SHB Salvador Trevino 0-0: Called Strike
0-1: Ball
1-1: Swinging Strike
1-2: Strikes out swinging, 2-3 out at first.
Top of the 8th over - 0 runs, 0 hits, 0 errors, 0 left on base; Wizarding 4 - New Amsterdam 3
BOTTOM OF THE 8TH
New Amsterdam Dutchmen batting - Pitching for Wizarding Express : LHP Jorge Cedeño
Batting: LHB Carlos Campos 0-0: Called Strike
0-1: Ball
1-1: Ball
2-1: Ball
3-1: Base on Balls
Pitching: RHP Marcos Oquendo
Batting: RHB Roberto Hernández 0-0: Called Strike
0-1: Ball
1-1: Swinging Strike
1-2: Ball
2-2: Strikes out looking
Batting: RHB David Elías 0-0: Ball
1-0: Ground out 4-3 (Groundball, 34S)
Carlos Campos to second
Batting: RHB Heherson Inaris 0-0: Ball
1-0: Called Strike
1-1: Ball
2-1: Ground out 4-3 (Groundball, 4M)
Bottom of the 8th over - 0 runs, 0 hits, 0 errors, 1 left on base; Wizarding 4 - New Amsterdam 3
TOP OF THE 9TH
Wizarding Express batting - Pitching for New Amsterdam Dutchmen : LHP José Flores
Batting: LHB Cris Gonzáles 0-0: Foul Ball, location: 2F
0-1: Swinging Strike
0-2: Strikes out swinging
Batting: LHB António Boccanegra 0-0: Called Strike
0-1: Foul Ball, location: 2F
0-2: Ball
1-2: Ball
2-2: Strikes out swinging
Batting: RHB Frank Grimes 0-0: Ball
1-0: Called Strike
1-1: Fly out, F8 (Line Drive, 8RM)
Top of the 9th over - 0 runs, 0 hits, 0 errors, 0 left on base; Wizarding 4 - New Amsterdam 3
BOTTOM OF THE 9TH
New Amsterdam Dutchmen batting - Pitching for Wizarding Express : RHP Marcos Oquendo
Pitching: LHP Dorian Daly
Pinch Hitting: LHB Félix López 0-0: SINGLE (Flyball, 8RM)
Pinch Runner at 1st Marcos Deleón:
Batting: RHB Chi-ju Zhang 0-0: Ball
Wild Pitch!
Marcos Deleón to second
1-0: Called Strike
1-1: Ball
2-1: Ball
3-1: Swinging Strike
3-2: Strikes out looking
Batting: RHB António Martínez 0-0: Foul Ball, location: 2F
0-1: Ball
1-1: Ball
2-1: Ball
3-1: Base on Balls
Batting: LHB SaQwan Hackett 0-0: Ball
1-0: Foul Ball, location: 2F
1-1: 3-RUN HOME RUN (Flyball, 9D), Distance : 371 ft
Wednesday, September 19th, 2018 - OOTP Baseball 18.8 Build 76